 Dungeon Crawl Stone Soup version 0.29.1-1-gd02db6906a (webtiles) character file.

Game seed: 1158966101915369050

20 djungelvrl the Chopper (level 2, 0/27 HPs)
             Began as a Minotaur Berserker on Oct 3, 2022.
             Was a Follower of Trog.
             Engulfed by a cloud of poison gas (4 damage)
             ... on level 1 of the Dungeon.
             The game lasted 00:12:27 (1333 turns).

djungelvrl the Chopper (Minotaur Berserker)         Turns: 1333, Time: 00:12:28

Health: 0/27       AC:  1    Str: 29    XL:     2   Next: 58%
Magic:  1/1        EV: 12    Int:  2    God:    Trog [*.....]
Gold:   32         SH:  0    Dex:  7    Spells: 1/1 levels left

rFire   . . .      SeeInvis .   a - +1 hand axe
rCold   . . .      Faith    .   (no shield)
rNeg    . . .      Spirit   .   b - +0 animal skin
rPois   .          Reflect  .   (helmet restricted)
rElec   .          Harm     .   (no cloak)
rCorr   .          Rampage  .   (no gloves)
Will    .....                   (no boots)
Stlth   +.........              (no amulet)
HPRegen 0.09/turn               (no ring)
MPRegen 0.07/turn               (no ring)

@: lethally poisoned (0 -> -42)
A: horns 2, retaliatory headbutt, deformed body, strong 2
a: Renounce Religion, Berserk


You were on level 1 of the Dungeon.
You worshipped Trog.
Trog was aware of your devotion.
You visited 1 branch of the dungeon, and saw 1 of its levels.

You collected 32 gold pieces.

Inventory:

Hand Weapons
 a - a +1 hand axe (weapon)
 c - a +0 dagger
Armour
 b - a +0 animal skin (worn)
Scrolls
 d - a scroll of enchant weapon


   Skills:
 - Level 3.9 Fighting
 + Level 4.4 Axes
 - Level 2.5 Armour
 - Level 2.2 Dodging


You had one spell level left.
You didn't know any spells.
Your spell library contained the following spells:

 Spells                   Type           Power      Damage    Failure   Level
 Magic Dart               Conj           0%         1d3       54%         1
 Call Imp                 Summ           0%         N/A       69%         2
 Mephitic Cloud           Conj/Pois/Air  0%         N/A       89%         3


Dungeon Overview and Level Annotations

Branches:
Dungeon (1/15)

Altars:


Innate Abilities, Weirdness & Mutations

You have a pair of horns on your head.
You reflexively headbutt those who attack you in melee.
Armour fits poorly on your strangely shaped body.
Your muscles are very strong. (Str +8, Int/Dex -2)


Message History

You closely miss the giant cockroach. The giant cockroach bites you.
You hit the giant cockroach.
You kill the giant cockroach!
Trog accepts your kill.
You see here a giant cockroach corpse.
You start resting.
HP restored.
There is an open door here.
As you open the door, it creaks loudly!
There is an open door here.
Found a lumpy puce potion.
g - a lumpy puce potion
As you read the scroll labelled FAEREB GUUD, it crumbles to dust.
It is a scroll of identify.
g - a potion of mutation The air fills with toxic fumes!
As you read the scroll labelled NALALAURYE, it crumbles to dust.
It was a scroll of poison.
Okay, then.
Really walk into that cloud of poison gas? [Y]es or [N]o only, please.
Really walk into that cloud of poison gas?
Okay, then.
Really walk into that cloud of poison gas?
Okay, then.
Really walk into that cloud of poison gas?
Okay, then.
Unknown command.
You feel extremely strange.
Your body twists and deforms.
You feel stronger. x2
Really walk into that cloud of poison gas?
You are engulfed in poison gas.
You are poisoned.
You feel very sick.
You are engulfed in poison gas.
You are lethally poisoned!
* * * LOW HITPOINT WARNING * * *
You feel extremely sick.
You are engulfed in poison gas.
You are more poisoned.
You die...

######.........# #......#
≈§≈≈§#.........# #......#
≈≈≈§≈##........# #......#
...≈≈##......§§# #......#
~...≈#........§# ##'###########
~~............§## #.##........#
~...≈#######..§§###.##........#
...≈≈ ####§§§............#
≈≈≈≈≈
########§@..#..........###
≈≈≈≈≈
#§§§§§§§§##...>........'..
#####
#§§§§§§§.##.###........###
....# #§§§§§§§§##.# #........#
###.# ########§##.# #........#
#.# #§##.# #........# #.# ###
#§##.# #........# ###.# #.#
#§##.# #........# ....# ..#
#.##.# ##########


There were no monsters in sight!

Vanquished Creatures
  2 ball pythons (D:1)
  5 bats (D:1)
  2 endoplasms (D:1)
  A giant cockroach (D:1)
  2 goblins (D:1)
  2 hobgoblins (D:1)
  2 frilled lizards (D:1)
  2 kobolds (D:1)
  A rat (D:1)
19 creatures vanquished.

Vanquished Creatures (others)
  A fungus (D:1)
  8 plants (D:1)
9 creatures vanquished.

Grand Total: 28 creatures vanquished

Notes
Turn   | Place    | Note
-------+----------+-------------------------------------------
     0 | D:1      | djungelvrl the Minotaur Berserker began the quest for the
                  | Orb.
     0 | D:1      | Reached XP level 1. HP: 19/19 MP: 0/0
   412 | D:1      | Found a faded altar of an unknown god.
   466 | D:1      | Reached skill level 4 in Axes
   466 | D:1      | Reached XP level 2. HP: 27/27 MP: 1/1
  1330 | D:1      | Gained mutation: Armour fits poorly on your strangely
                  | shaped body. [potion of mutation]
  1330 | D:1      | Gained mutation: Your muscles are strong. (Str +4, Int/Dex
                  | -1) [potion of mutation]
  1330 | D:1      | Gained mutation: Your muscles are very strong. (Str +8,
                  | Int/Dex -2) [potion of mutation]
  1333 | D:1      | Engulfed by a cloud of poison gas

Illustrated notes

Levels and vault maps discovered:
D:1:      dpeg_arrival_shrine, layout_basic,
          shapermc_ecumenical_altar_hornbeckon

Skill      XL: |  1 |
---------------+----+-----
Axes           | 4 |  4.4
Fighting       | |  3.9
Armour         | |  2.5
Dodging        | |  2.2

Action                   || total
-------------------------++-------
Melee: Hand axe          ||    52
       Headbutt          ||     5
  Use: Scroll            ||     4
       Potion            ||     1
Armor: Animal skin       ||    11
Dodge: Dodged            ||    30
